AoeStats
← BraniacTr

Black Forest

510822860Analyzed
3v3 RM · 11h ago on Oct 2, 2026· 54m 10s· 6 players
Game mode
Random Map
Map size
Normal (6 player)
Population
200
Speed
Normal
Resources
Standard
Victory
Conquest
Starting age
Dark Age
Ending age
Imperial Age
RankedLock teamsTeams togetherTeam positionsShared explorationLock speedFull tech treeHidden civsTurbo modeCheats
Victory
Defeat
🇦🇷 Japanese · Argentina
652
+19
🇺🇸 Celts · United States
598
+21
🇫🇷 Franks · France
570
+22
🇨🇦 Burgundians · Canada
718
-21
🇹🇷 Huns · Türkiye
715
-21
🇨🇿 Britons · Czechia
687
-20
Radim
1:00 Loom
11:39 Feudal Age
12:09 Double-Bit Axe
15:02 Horse Collar
22:34 Castle Age
20:29 Stone Mining
20:34 Gold Mining
23:44 Heavy Plow
23:57 Bow Saw
25:23 Wheelbarrow
25:11 Town Watch
28:29 Gold Shaft Mining
27:53 Fletching
34:33 Imperial Age
32:54 Bodkin Arrow
33:00 Padded Archer Armor
33:35 Squires
33:21 Arson
34:13 Fortified Wall
34:48 Ballistics
34:25 Murder Holes
35:21 Caravan
35:29 Bracer
35:46 Leather Archer Armor
36:59 Two-Man Saw
36:43 Conscription
37:37 Yeomen
38:47 Chemistry
37:28 Treadmill Crane
37:45 Murder Holes
38:42 Ring Archer Armor
39:29 Masonry
42:08 Hand Cart
41:22 Elite Longbowman
42:58 Town Patrol
thomasvienneau360
4:51 Loom
10:47 Feudal Age
14:19 Horse Collar
16:11 Double-Bit Axe
17:09 Wheelbarrow
24:05 Castle Age
24:10 Pikeman
24:11 Man-at-Arms
24:57 Scale Mail Armor
25:07 Forging
24:48 Fletching
24:58 Padded Archer Armor
25:19 Hand Cart
25:49 Bow Saw
27:05 Gold Mining
27:05 Stone Mining
26:58 Long Swordsman
29:25 Squires
30:06 Iron Casting
29:48 Leather Archer Armor
29:41 Scale Barding Armor
30:04 Bow Saw
31:15 Stone Mining
32:02 Gold Shaft Mining
30:50 Crossbowman
30:52 Elite Skirmisher
37:31 Imperial Age
34:55 Cavalier
37:05 Ballistics
36:27 Treadmill Crane
37:08 Chain Mail Armor
36:51 Bodkin Arrow
39:39 Chemistry
39:39 Bracer
40:47 Burgundian Vineyards
41:16 Conscription
40:25 Light Cavalry
42:02 Chain Barding Armor
42:44 Blast Furnace
44:45 Two-Man Saw
44:48 Plate Mail Armor
44:09 Two-Handed Swordsman
45:18 Halberdier
48:06 Champion
BraniacTr
0:53 Loom
12:57 Feudal Age
14:22 Wheelbarrow
13:36 Double-Bit Axe
17:20 Fishing Lines
18:21 Horse Collar
23:36 Gold Mining
26:10 Castle Age
24:35 Stone Mining
27:07 Gillnets
27:36 Hand Cart
27:23 Heavy Plow
27:40 Bow Saw
30:22 Gold Shaft Mining
37:45 Imperial Age
37:54 Padded Archer Armor
37:44 Fletching
38:18 Ballistics
37:54 Murder Holes
40:00 Two-Man Saw
40:50 Elite Skirmisher
41:35 Thumb Ring
41:50 Leather Archer Armor
41:30 Bodkin Arrow
41:47 Forging
42:46 Chemistry
42:04 Masonry
42:56 Caravan
43:36 Bracer
44:49 Iron Casting
44:15 Scale Mail Armor
46:03 Conscription
46:04 Atheism
46:01 Town Watch
47:22 Blast Furnace
47:54 Coinage
47:13 Sappers
47:08 Elite Tarkan
47:49 Marauders
48:03 Squires
47:49 Arson
47:24 Pikeman
48:14 Halberdier
49:46 Chain Mail Armor
49:38 Scale Barding Armor
51:38 Scale Barding Armor
Al Gore Rhythm
0:29 Loom
12:12 Feudal Age
16:35 Wheelbarrow
17:14 Horse Collar
22:30 Castle Age
20:49 Double-Bit Axe
22:54 Gold Mining
23:49 Bow Saw
28:10 Fishing Lines
31:21 Imperial Age
31:20 Caravan
32:55 Conscription
32:47 Furor Celtica
33:13 Heavy Plow
32:43 Capped Ram
33:42 Pikeman
34:24 Scale Mail Armor
34:35 Forging
34:16 Fletching
34:26 Stronghold
35:21 Chain Mail Armor
34:28 Halberdier
36:51 Bodkin Arrow
37:32 Iron Casting
38:02 Plate Mail Armor
38:25 Gillnets
38:54 Heavy Scorpion
41:50 Blast Furnace
43:38 Chemistry
43:16 Arson
44:47 Ballistics
Nashushamen
0:30 Loom
15:16 Feudal Age
15:42 Double-Bit Axe
16:47 Gold Mining
16:48 Stone Mining
22:35 Arson
22:50 Fletching
23:38 Forging
26:27 Wheelbarrow
29:15 Castle Age
27:57 Town Watch
30:13 Caravan
31:08 Bow Saw
31:09 Husbandry
30:32 Pikeman
31:14 Squires
32:03 Fortified Wall
31:34 Treadmill Crane
33:13 Gold Shaft Mining
33:09 Bodkin Arrow
33:50 Iron Casting
33:16 Scale Mail Armor
33:22 Scale Barding Armor
33:31 Masonry
33:18 Murder Holes
34:51 Ballistics
35:00 Hand Cart
35:19 Town Patrol
41:05 Imperial Age
40:40 Chain Mail Armor
40:45 Chain Barding Armor
41:28 Cavalier
42:11 Chivalry
42:32 Conscription
42:47 Hoardings
43:23 Architecture
43:55 Chemistry
43:57 Blast Furnace
43:29 Plate Mail Armor
43:47 Paladin
46:36 Siege Engineers
47:10 Plate Barding Armor
46:00 Halberdier
CrowCrow1635
10:38 Feudal Age
12:03 Wheelbarrow
11:49 Double-Bit Axe
13:56 Horse Collar
21:11 Castle Age
19:51 Stone Mining
19:55 Gold Mining
22:11 Hand Cart
22:12 Bow Saw
22:05 Heavy Plow
23:34 Gold Shaft Mining
28:19 Town Watch
31:18 Imperial Age
30:10 Town Patrol
30:23 Caravan
31:26 Elite Samurai
36:22 Kataparuto
37:56 Two-Man Saw
39:42 Forging
39:32 Scale Mail Armor
39:42 Loom
41:46 Iron Casting
41:27 Chain Mail Armor
45:17 Blast Furnace
47:35 Plate Mail Armor
50:53 Padded Archer Armor
50:43 Fletching
50:43 Crossbowman
51:31 Thumb Ring
51:50 Leather Archer Armor
51:26 Arbalester
54:14 Bodkin Arrow
54:50 Ring Archer Armor
Connection lost

Rejoining the realm…

Still unreachable

The connection could not be restored.

Session expired

The server has moved on; the page needs a fresh start.